 Dungeon Crawl Stone Soup version 0.30-a0-691-g754fce4c43 (webtiles) character file.

Game seed: 2297407461238722131

1678 Absynth the Grave Robber (level 8, 0/52 HPs)
             Began as a Demonspawn Necromancer on Jan 19, 2023.
             Killed by divine providence
             ... invoked by an orc priest
              (13 damage)
             ... on level 6 of the Dungeon.
             The game lasted 00:25:35 (4734 turns).

Absynth the Grave Robber (Demonspawn Necromancer)   Turns: 4734, Time: 00:25:36

Health: 0/52       AC:  5    Str: 14    XL:     8   Next: 70%
Magic:  0/17       EV: 13    Int: 27    God:
Gold:   272        SH:  0    Dex: 19    Spells: 8/19 levels left

rFire   . . .      SeeInvis .    a - +2 spear (venom)
rCold   x . .      Faith    .    (no shield)
rNeg    . . .      Spirit   +    c - +0 robe
rPois   .          Reflect  .    (no helmet)
rElec   +          Harm     .    w - +0 cloak
rCorr   .          Rampage  .    G - +0 pair of gloves
Will    .....                    p - +0 pair of boots
Stlth   +++                      B - amulet of regeneration
HPRegen 1.08/turn                s - ring of wizardry
MPRegen 0.30/turn                x - ring of Qimah {rElec rC- Str+6 Int+8 Dex+3}

@: no status effects
A: thin skeletal structure 1, foul stench 2, magic shield, magic regeneration
a: no special abilities


You were on level 6 of the Dungeon.
You visited 1 branch of the dungeon, and saw 6 of its levels.

You collected 311 gold pieces.
You spent 39 gold pieces at shops.

Inventory:

Hand Weapons
 a - a +2 spear of venom (weapon)
 b - a +0 sling
Armour
 c - a +0 robe (worn)
 p - a +0 pair of boots (worn)
 w - a +0 cloak (worn)
 G - a +0 pair of gloves (worn)
Magical Staves
 H - a staff of poison
Jewellery
 s - a ring of wizardry (left hand)
 x - the ring of Qimah (right hand) {rElec rC- Str+6 Int+8 Dex+3}
   (You took it off a goblin on level 3 of the Dungeon)

   [ring of strength]

   Str:       It affects your strength (+6).
   Int:       It affects your intelligence (+8).
   Dex:       It affects your dexterity (+3).
   rC:        It makes you vulnerable to cold.
   rElec:     It insulates you from electricity.
 A - a ring of resist corrosion
 B - an amulet of regeneration (around neck)
 C - an amulet of reflection
Wands
 u - a wand of polymorph (13)
Scrolls
 e - 8 scrolls of identify {unknown}
 k - 2 scrolls of vulnerability {unknown}
 m - 3 scrolls of enchant weapon {unknown}
 n - a scroll of torment {unknown}
 o - 2 scrolls of teleportation {unknown}
 q - a scroll of magic mapping {unknown}
 r - 2 scrolls of silence {unknown}
 t - a scroll of blinking {unknown}
 v - a scroll of poison {unknown}
 y - a scroll of immolation {unknown}
 F - a scroll of enchant armour {unknown}
Potions
 d - 2 potions of lignification {unknown}
 f - 3 potions of attraction {unknown}
 g - a potion of magic
 h - 4 potions of heal wounds {unknown}
 i - 6 potions of curing
 j - 3 potions of degeneration {unknown}
 l - a potion of flight {unknown}
 z - a potion of haste
 D - a potion of invisibility {unknown}
 E - 2 potions of brilliance {unknown}
 I - a potion of mutation {unknown}


   Skills:
 + Level 3.4 Polearms
 + Level 2.2 Dodging
 + Level 2.3 Stealth
 + Level 6.1 Spellcasting
 - Level 7.0 Necromancy
 + Level 3.5 Air Magic
 + Level 4.1 Poison Magic


You had 8 spell levels left.
You knew the following spells:

 Your Spells              Type           Power      Damage    Failure   Level
a - Necrotise             Necr           100%       1d9       1%          1
c - Mephitic Cloud        Conj/Pois/Air  22%        N/A       2%          3
d - Animate Dead          Necr           46%        N/A       1%          4
v - Vampiric Draining     Necr           46%        2d9       1%          3

Your spell library contained the following spells:

 Spells                   Type           Power      Damage    Failure   Level
 Magic Dart               Conj           32%        1d4       2%          1
 Call Imp                 Summ           8%         N/A       4%          2
 Agony                    Necr           46%        N/A       4%          5
 Passage of Golubria      Tloc           8%         N/A       26%         4
 Silence                  Hex/Air        8%         N/A       32%         5
 Lehudib's Crystal Spear  Conj/Erth      4%         10d3      100%        8


Dungeon Overview and Level Annotations

Branches:
Dungeon (6/15)
 Temple: D:4-7

Altars:
Ashenzari
Cheibriados
Dithmenos
Nemelex Xobeh
Sif Muna
Yredelemnul

Shops:
D:2 *   D:4 :


Innate Abilities, Weirdness & Mutations

You have a somewhat thin skeletal structure. (Dex +2, Stealth+)
You sometimes emit foul miasma when damaged in melee.
When hurt, damage is shared between your health and your magic reserves.
You regenerate magic rapidly.


Message History

The orc wizard hits you but does no damage.
The orc wizard points at you and mumbles some strange words.
The puff of flame hits your orc priest zombie!
The orc priest hits your orc zombie with a +0 flail!
Your orc zombie is destroyed!
The white imp hits your orc priest zombie.
The white imp freezes your orc priest zombie.
Your orc priest zombie completely resists.
Your orc zombie hits the white imp but does no damage.
Your orc priest zombie barely misses the orc wizard.
You are too injured to fight recklessly!
Reach: a) +2 spear (venom)
Press: ? - help, Dir - move target, f - orc wizard
Aim: an orc wizard, wielding a +0 dagger and wearing a +0 robe (almost dead, extremely poisoned, ally target, about 40% to evade your +2 spear of venom)
You reach to attack!
You hit the orc wizard.
You kill the orc wizard!
The orc priest looks encouraged for a moment.
The white imp hits your orc priest zombie.
The white imp freezes your orc priest zombie.
Your orc priest zombie resists.
Reach: a) +2 spear (venom)
Press: ? - help, Dir - move target, f - white imp
Aim: a white imp (moderately wounded, ally target, about 34% to evade your +2 spear of venom)
You could not reach far enough!
Your reaping aura expires.
The orc priest begins to cast a cantrip, but forgets the words!
The white imp hits your orc priest zombie.
The white imp freezes your orc priest zombie.
Your orc priest zombie completely resists.
Your orc priest zombie closely misses the white imp.
Your orc zombie hits the white imp.
The orc priest casts a cantrip, but nothing happens.
The white imp gestures at you.
The puff of frost hits your orc priest zombie.
Your orc priest zombie resists.
Your orc priest zombie is destroyed!
Your orc zombie hits the white imp but does no damage.
The orc priest mumbles some strange prayers to Beogh against you.
Beogh smites you!
You die...

.........#. ........?
.......?###.# #[.Z.o....#
####..)5)# .......).#
#####.....# #.........#
#.#####@#.# #.#.#######
#.#.......# #.#...###.#
#.###.# #.# #.# #.# #.#
############## #.# #.# #.#
.............###.###.###.#
####.######......##...##.#


You could see an orc priest, a white imp (ally target) and a friendly orc
zombie.

Vanquished Creatures
  Grinder (D:5)
  Prince Ribbit (D:5)
  Sigmund (D:5)
  A steam dragon (D:6)
  Menkaure (D:5)
  A black bear (D:6)
  Blork the orc (D:5)
  A scorpion (D:4)
  A necrophage (D:4)
  An orc priest (D:6)
  Crazy Yiuf (D:2)
  2 hounds (D:5)
  A jelly (D:4)
  Jessica (D:3)
  An iguana (D:5)
  An orc wizard (D:6)
  10 gnolls
  9 adders
  A shadow imp (D:6)
  An ufetubus (D:5)
  4 worms
  7 orcs
  5 ball pythons
  9 endoplasms
  4 giant cockroaches
  5 goblins
  9 hobgoblins
  4 jackals
  4 kobolds
  11 quokkas
  5 bats
  4 frilled lizards
  6 rats
  A spectral orc (D:3)
116 creatures vanquished.

Vanquished Creatures (collateral kills)
  An ogre (D:5)
  2 dart slugs
  A ball python (D:4)
  A frilled lizard (D:1)
5 creatures vanquished.

Vanquished Creatures (others)
  A black bear zombie (D:6)
  A human zombie (D:5)
  A gnoll zombie (D:3)
  2 orc zombies (D:6)
5 creatures vanquished.

Grand Total: 126 creatures vanquished

Notes
Turn   | Place    | Note
-------+----------+-------------------------------------------
     0 | D:1      | Absynth the Demonspawn Necromancer began the quest for the
                  | Orb.
     0 | D:1      | Reached XP level 1. HP: 13/13 MP: 3/3
   188 | D:1      | Gained mutation: You may rarely emit foul miasma when
                  | damaged in melee. [demonic ancestry]
   188 | D:1      | Reached XP level 2. HP: 19/19 MP: 5/5
   572 | D:1      | Gained mutation: You sometimes emit foul miasma when
                  | damaged in melee. [demonic ancestry]
   572 | D:1      | Reached XP level 3. HP: 24/24 MP: 3/7
   656 | D:1      | Found a faded altar of an unknown god.
   990 | D:1      | Learned a level 3 spell: Vampiric Draining
  1220 | D:2      | Reached skill level 5 in Necromancy
  1220 | D:2      | Gained mutation: You regenerate magic rapidly. [demonic
                  | ancestry]
  1220 | D:2      | Reached XP level 4. HP: 28/30 MP: 1/9
  1674 | D:2      | Found Dacra's General Store.
  1682 | D:2      | Bought a potion of curing for 39 gold pieces
  1726 | D:2      | Learned a level 4 spell: Animate Dead
  1780 | D:2      | Found a runed translucent door.
  1781 | D:2      | Noticed Crazy Yiuf
  1790 | D:2      | Killed Crazy Yiuf
  1791 | D:2      | Gained mutation: When hurt, damage is shared between your
                  | health and your magic reserves. [demonic ancestry]
  1791 | D:2      | Reached XP level 5. HP: 22/35 MP: 5/11
  2140 | D:3      | Identified the ring of Qimah {rElec rC- Str+6 Int+8 Dex+3}
  2586 | D:3      | Reached XP level 6. HP: 37/41 MP: 9/13
  2644 | D:3      | Found a basalt altar of Yredelemnul.
  2733 | D:3      | Noticed Jessica
  2747 | D:3      | Killed Jessica
  2748 | D:3      | Reached skill level 5 in Spellcasting
  2883 | D:4      | Reached skill level 6 in Necromancy
  2940 | D:4      | Found Ijuyrrer's Book Shop.
  3052 | D:4      | Found a shadowy altar of Dithmenos.
  3279 | D:4      | Found a sparkling altar of Nemelex Xobeh.
  3283 | D:4      | Found a broken altar of Ashenzari.
  3284 | D:4      | Found a shimmering blue altar of Sif Muna.
  3555 | D:4      | Found a snail-covered altar of Cheibriados.
  3767 | D:5      | Entered Level 5 of the Dungeon
  3772 | D:5      | Learned a level 3 spell: Mephitic Cloud
  3787 | D:5      | Noticed Sigmund
  3787 | D:5      | Noticed Menkaure
  3796 | D:5      | Killed Sigmund
  3797 | D:5      | Reached skill level 1 in Poison Magic
  3797 | D:5      | Reached XP level 7. HP: 46/46 MP: 6/15
  3812 | D:5      | Reached skill level 1 in Polearms
  3812 | D:5      | Reached skill level 1 in Air Magic
  3863 | D:5      | Noticed Grinder
  3872 | D:5      | Paralysed by Grinder for 2 turns
  3877 | D:5      | Paralysed by Grinder for 5 turns
  3884 | D:5      | Killed Grinder
  3887 | D:5      | Noticed Prince Ribbit
  3895 | D:5      | Your ally Sigmund died
  3906 | D:5      | Killed Prince Ribbit
  3907 | D:5      | Reached skill level 7 in Necromancy
  3907 | D:5      | Gained mutation: You have a somewhat thin skeletal
                  | structure. (Dex +2, Stealth+) [demonic ancestry]
  3907 | D:5      | Reached XP level 8. HP: 52/52 MP: 7/17
  4081 | D:5      | Killed Menkaure
  4445 | D:5      | Noticed Blork the orc
  4450 | D:5      | Killed Blork the orc
  4734 | D:6      | Killed from afar by an orc priest

Illustrated notes

Levels and vault maps discovered:
D:1:      minmay_arrival_nine_rooms, layout_basic, basic_ecumenical_altar,
          chequers_serial_rivers_micro_c
D:2:      layout_rooms, serial_shops, nicolae_shop_hallway_plus,
          uniq_crazy_yiuf_cottage
D:3:      minmay_door_path, layout_loops_ring,
          yredelemnul_forgotten_temple_becter, supply_closet_lemuel,
          uniq_jessica
D:4:      layout_basic, lemuel_coloured_pillars_altar,
          grunt_temple_overflow_open, lemuel_tele_altar, gup_sewer_entry_pipe,
          serial_shops, shop
D:5:      layout_loops_ring, dk_vineyard_1, minmay_misc_feat_secret_circle,
          minmay_misc_feat_four_crosses, chequers_garden,
          wad_floor_pattern_untrapped, uniq_sigmund, uniq_blork_the_orc,
          uniq_grinder, uniq_menkaure, uniq_prince_ribbit1
D:6:      layout_loops_ring, grunt_gozag_statues, mainiacjoe_overflow_paths,
          temple_green, roderic_lattice_a, nicolae_half_adder, uniq_edmund

Skill      XL: |  1  2  3  4  5  6  7  8 |
---------------+-------------------------+-----
Spellcasting   | 3 4 5 6 |  6.1
Necromancy     | 5 6 7 |  7.0
Poison Magic   | 1 2 4 |  4.1
Polearms       | 2 3 |  3.4
Air Magic      | 2 3 |  3.5
Stealth        | 2 |  2.3
Dodging        | 2 |  2.2

Action                   |  1- 3 |  4- 6 |  7- 9 || total
-------------------------+-------+-------+-------++-------
Melee: Quarterstaff      |       |    59 |       ||    59
       Spear             |       |     3 |    87 ||    90
       Punch             |       |       |     2 ||     2
 Fire: Sling             |    89 |    18 |       ||   107
 Cast: Necrotise         |    38 |    83 |    10 ||   131
       Animate Dead      |       |     3 |     4 ||     7
       Mephitic Cloud    |       |     1 |     5 ||     6
       Vampiric Draining |       |       |     1 ||     1
 Stab: Sleeping          |       |     6 |     4 ||    10
       Confused          |       |     1 |     2 ||     3
Armor: Robe              |     5 |    19 |    24 ||    48
Dodge: Dodged            |    25 |    52 |    51 ||   128

Table legend: (Time is in decaauts)
 A = Elapsed time spent in this place.
 B = Non-inter-level travel time spent in this place.
 C = Inter-level travel time spent in this place.
 D = Time resting spent in this place.
 E = Time spent auto-exploring this place.
 F = Levels seen in this place.
 G = Mean time per level.
                   A        B        C        D        E       F      G
               +--------+--------+--------+--------+--------+-----+--------+
         Total |   4797 |   4567 |    230 |    506 |   2854 |   6 |  799.5 |
       Dungeon |   4797 |   4567 |    230 |    506 |   2854 |   6 |  799.5 |
               +--------+--------+--------+--------+--------+-----+--------+

Top non-repeatable levels by time:
     D:1: 1079 daAuts
     D:4: 957 daAuts
     D:3: 950 daAuts
     D:2: 845 daAuts
     D:5: 740 daAuts
     D:6: 224 daAuts
